 Dungeon Crawl Stone Soup version 0.19-a0-994-g3c636f0 (webtiles) character file.

175 4thArraOfDagon the Charlatan (level 5, -1/61 HPs)
             Began as a Formicid Fighter on July 17, 2016.
             Slain by a giant frog (5 damage)
             ... on level 8 of the Dungeon.
             The game lasted 00:03:25 (444 turns).

4thArraOfDagon the Charlatan (Formicid Fighter)      Turns: 444, Time: 00:03:27

Health: -1/61      AC: 23    Str: 21    XL:     5   Next: 86%
Magic:  8/8        EV:  2    Int: 13    God:
Gold:   31         SH:  9    Dex: 12    Spells: 0 memorised, 4 levels left

rFire  . . .     SeeInvis .     a - +1 war axe
rCold  . . .     Gourm    .     (armour currently unavailable)
rNeg   + + +     Faith    .     c - +0 shield
rPois  +         Spirit   .     (helmet unavailable)
rElec  .         Dismiss  .     (cloak currently unavailable)
rCorr  .         Reflect  .     (gloves currently unavailable)
SustAt .         Harm     .     (boots currently unavailable)
MR     .....                    (no amulet)
Stlth  +.........               (no ring)
                                i - +1 ring of protection

@: brilliant, tree-form, invisible, not resistant to hostile enchantments, very
unstealthy
A: permanent stasis, dig shafts and tunnels, four strong arms, (antennae 0),
agile 1, blurry vision 1, evolution 1
a: no special abilities


You were on level 8 of the Dungeon.
You were hungry.
You were a tree.
You visited 1 branch of the dungeon, and saw 6 of its levels.

You collected 31 gold pieces.

Inventory:

Hand Weapons
 a - a +1 war axe (weapon)
Armour
 b - a +0 scale mail (melded)
 c - a +0 shield (worn)
 g - a +0 pair of gloves (melded)
Jewellery
 i - a +1 ring of protection (left branch)
Wands
 e - a wand of lightning (8/15)
Potions
 d - a potion of might
 h - a potion of agility
 n - a potion of brilliance
Comestibles
 f - a bread ration


   Skills:
 - Level 3.5 Fighting
 - Level 2.2 Axes
 - Level 3.3 Armour
 - Level 3.7 Shields
 * Level 5.1 Evocations


You had 4 spell levels left.
You didn't know any spells.

Dungeon Overview and Level Annotations

Branches:
Dungeon (8/15)
 Temple: D:4-7         Lair: D:8-11

Altars:

Annotations:
D:3 Sigmund


Innate Abilities, Weirdness & Mutations

You are under a permanent stasis effect.
You can dig through walls and to a lower floor.
Your four strong arms can wield two-handed weapons with a shield.
((You have a pair of large antennae on your head. (SInv)))
You are agile. (Dex +2)
Scrolls take you a little longer to read.
You evolve.


Message History

It was a potion of brilliance.
You feel clever all of a sudden. You block the giant frog's attack.
The giant frog hits you but does no damage.
It was a potion of lignification.
You turn into a tree.
Your +0 pair of gloves melds into your body.
Your +0 scale mail melds into your body.
Your roots penetrate the ground.
You block the giant frog's attack.
It was a potion of mutation.
You feel extremely strange.
You feel agile.
Your vision blurs.
You feel nature experimenting on you.
Don't worry, failures die fast.
The giant frog hits you but does no damage. x2
It was a potion of invisibility.
You fade into invisibility!
You hear some strange, mumbled words.
A puff of flame appears from out of thin air!
The puff of flame misses the giant frog.
Deactivating autopickup; reactivate with Ctrl-A.
You block the puff of flame. The giant frog hits you.
You die...

#.######.#..##.#.
#.##.#....o......{..
#.....o...o{{....{..
#.# #.## #.# #..#
#.#####.#.# {
#..#o..{###
#.#...<#F######
#.##..#{#♣....#
##.##..#.#.###.#
#..........#
#..##..###.###.#
#.............
#.###..#...## #
#.###..#.#####.#
........†......(###.
##.######.#[........


You could see a giant frog.

Vanquished Creatures
  A scorpion (D:8)
  3 orc wizards (D:7)
  An adder (D:6)
  An ooze (D:2)
  An adder zombie (D:7)
  A dart slug (D:2)
  A giant gecko (D:3)
  An orc (D:7)
  5 bats
  4 goblins
  A hobgoblin (D:2)
  A giant newt (D:3)
  3 kobolds
  2 rats (D:3)
26 creatures vanquished.

Notes
Turn   | Place    | Note
-------+----------+-------------------------------------------
     0 | D:1      | 4thArraOfDagon the Formicid Fighter began the quest for the Orb.
     0 | D:1      | Reached XP level 1. HP: 18/18 MP: 1/1
     6 | D:1      | You fall through a shaft!
    19 | D:2      | Reached XP level 2. HP: 24/24 MP: 2/2
   118 | D:2      | Reached skill level 1 in Evocations
   132 | D:3      | Reached XP level 3. HP: 20/29 MP: 2/4
   219 | D:3      | Reached skill level 2 in Evocations
   273 | D:3      | Noticed Sigmund
   286 | D:3      | You fall through a shaft for 3 floors!
   328 | D:6      | You fall through a shaft for 2 floors!
   332 | D:8      | Noticed a scorpion
   342 | D:8      | Killed a scorpion
   342 | D:8      | Reached skill level 3 in Evocations
   342 | D:8      | Reached XP level 4. HP: 15/35 MP: 4/6
   374 | D:7      | Reached skill level 4 in Evocations
   374 | D:7      | Reached XP level 5. HP: 16/41 MP: 6/8
   396 | D:7      | Reached skill level 5 in Evocations
   427 | D:6      | You fall through a shaft for 2 floors!
   432 | D:8      | Noticed a giant frog
   440 | D:8      | HP: 2/41 [giant frog (6)]
   443 | D:8      | Gained mutation: You are agile. (Dex +2) [potion of mutation]
   443 | D:8      | Gained mutation: Scrolls take you a little longer to read. [potion of mutation]
   443 | D:8      | Gained mutation: You evolve. [potion of mutation]
   444 | D:8      | Slain by a giant frog

Vault maps used:
D:1:      minmay_arrival_cross
D:3:      uniq_sigmund
D:6:      uniq_prince_ribbit1, uniq_edmund
D:7:      kennysheep_little_box, uniq_joseph
D:8:      basic_altar

Skill      XL: |  1  2  3  4  5 |
---------------+----------------+-----
Evocations     | 1 3 4 5 |  5.1
Fighting       | |  3.5
Axes           | |  2.2
Armour         | |  3.3
Shields        | |  3.7

Action                   |  1- 3 |  4- 6 || total
-------------------------+-------+-------++-------
Melee: War axe           |    59 |    23 ||    82
Throw: Throwing net      |       |     1 ||     1
 Abil: Shaft Self        |     3 |     1 ||     4
       Dig               |     1 |     2 ||     3
Evoke: Wand              |       |     1 ||     1
  Use: Scroll            |     2 |       ||     2
       Potion            |       |     6 ||     6
Armor: Scale mail        |    41 |     4 ||    45
       Skin              |       |     2 ||     2
Dodge: Dodged            |    28 |     4 ||    32
Block: Shield            |    39 |    14 ||    53
